 Dungeon Crawl Stone Soup version 0.24.0-125-gc4c63601f3 (webtiles) character file.

Game seed: 12472499719381472671, levelgen mode: deterministic

70 Frank2 the Cudgeler (level 4, -1/33 HPs)
             Began as a Demonspawn Gladiator on Mar 6, 2020.
             Slain by Grinder (5 damage)
             ... while paralysed by Grinder
             ... on level 3 of the Dungeon.
             The game lasted 00:02:43 (2166 turns).

Frank2 the Cudgeler (Demonspawn Gladiator)          Turns: 2166, Time: 00:02:43

Health: -1/33      AC:  9    Str: 15    XL:     4   Next: 4%
Magic:  4/4        EV:  2    Int:  9    God:
Gold:   87         SH:  0    Dex: 15    Spells: 3/3 levels left

rFire    . . .     SeeInvis .   a - +1 flail
rCold    . . .     Gourm    .   (no shield)
rNeg     . . .     Faith    .   m - +2 scale mail {MR+}
rPois    +         Spirit   .   (helmet restricted)
rElec    .         Reflect  .   i - +0 cloak
rCorr    .         Harm     .   (no gloves)
MR       +....                  (no boots)
Stlth    ..........             (no amulet)
HPRegen  0.11/turn              g - ring of poison resistance
MPRegen  0.09/turn              (no ring)

@: paralysed
A: horns 1, powered by pain 1
a: no special abilities


You were on level 3 of the Dungeon.
You were very hungry.

You visited 1 branch of the dungeon, and saw 3 of its levels.

You collected 87 gold pieces.

Inventory:

Hand Weapons
 a - a +1 flail (weapon)
Missiles
 d - 3 throwing nets (quivered)
Armour
 b - a +0 leather armour
 i - a +0 cloak (worn)
 m - a +2 scale mail of magic resistance (worn)
Jewellery
 g - a ring of poison resistance (left hand)
Scrolls
 e - a scroll of teleportation
 h - 2 scrolls of remove curse
Potions
 k - a potion of flight
Comestibles
 f - 5 rations


   Skills:
 + Level 2.2 Fighting
 + Level 3.4 Maces & Flails
 + Level 2.2 Throwing
 + Level 0.4 Armour
 + Level 3.3 Dodging


You had 3 spell levels left.
You didn't know any spells.
Your spell library was empty.

Dungeon Overview and Level Annotations

Branches:
Dungeon (3/15)

Altars:
Dithmenos

Annotations:
D:3 Grinder


Innate Abilities, Weirdness & Mutations

You have a pair of small horns on your head.
You sometimes gain a little power by taking damage.


Message History

There is a strange disturbance nearby!
No target in view!
Something tries to affect you, but you resist.
You suddenly lose the ability to move!
Pain shoots through your body!
Something tries to affect you, but you resist. x2
You can move again.
Things that are here:
a +0 dagger; an orc corpse You miss something.
You headbutt something. Something hits you but does no damage.
You barely miss something. Pain shoots through your body!
You suddenly lose the ability to move!
Something hits you but does no damage. Something hits you. Something hits you.
You writhe in agony.
Something hits you!
* * * LOW HITPOINT WARNING * * *
You writhe in agony.
You die...

######## #......#
#.####.# #.####.## .
#.#...... ..#
###.#.##.## #.?.###
#......#.#
#....#######........#
#.@{....#.#.##.####
#)...#####...#.#......
#...##########.#.#..##..
..###........#.#.#..##..
.##.....................
#...........###.#.#.#..
###...####### #.#####..
.#. #...# ####.#####..
... #...# #....##....#


There were no monsters in sight!

Vanquished Creatures
  A gnoll (D:1)
  2 worms
  3 dart slugs (D:1)
  A leopard gecko (D:1)
  An orc (D:3)
  4 giant cockroaches
  7 goblins
  6 hobgoblins
  A ball python (D:3)
  5 bats
  5 frilled lizards
  6 kobolds
  6 rats
48 creatures vanquished.

Notes
Turn   | Place    | Note
-------+----------+-------------------------------------------
     0 | D:1      | Frank2 the Demonspawn Gladiator began the quest for the
                  | Orb.
     0 | D:1      | Reached XP level 1. HP: 16/16 MP: 1/1
    33 | D:1      | Gained mutation: You sometimes gain a little power by
                  | taking damage. [demonic ancestry]
    33 | D:1      | Reached XP level 2. HP: 17/22 MP: 2/2
   561 | D:1      | Reached XP level 3. HP: 26/27 MP: 3/3
  1914 | D:3      | Found a shadowy altar of Dithmenos.
  2062 | D:3      | Gained mutation: You have a pair of small horns on your
                  | head. [demonic ancestry]
  2062 | D:3      | Reached XP level 4. HP: 27/33 MP: 4/4
  2142 | D:3      | Noticed Grinder
  2155 | D:3      | Paralysed by something for 6 turns
  2162 | D:3      | Paralysed by something for 5 turns
  2166 | D:3      | Slain by Grinder

Levels and vault maps discovered:
D:1:      lightli_arrival_flooded_house, layout_basic, minmay_strange_pillars,
          nrook_uturn, minmay_crystal_water
D:2:      layout_loops_corners, first_ration, lemuel_old_faithful
D:3:      minmay_general_purpose_star, layout_loops_cross, vehumet_crystals,
          nicolae_overflow_crystal_walls, uniq_crazy_yiuf_cottage, uniq_robin,
          uniq_grinder

Skill      XL: |  1  2 |
---------------+-------+-----
Throwing       | 2 |  2.2
Dodging        | 3 |  3.3
Maces & Flails | 3 |  3.4
Fighting       | |  2.2
Armour         | |  0.4

Action                   |  1- 3 |  4- 6 || total
-------------------------+-------+-------++-------
Melee: Flail             |   137 |     3 ||   140
       Headbutt          |       |     1 ||     1
  Use: Scroll            |     5 |     1 ||     6
 Stab: Sleeping          |     2 |       ||     2
  Eat: Chunk             |     3 |       ||     3
Armor: Leather armour    |    42 |       ||    42
       Scale mail        |       |     2 ||     2
Dodge: Dodged            |   115 |     1 ||   116
